[Event "Dutch Open-ch 2019"]
[Site "Dieren"]
[Date "2019.07.26"]
[Round "4.12"]
[White "Nair, Sanjeev"]
[Black "Grooten, Herman"]
[Result "0-1"]
[ECO "B43"]
[WhiteElo "2045"]
[BlackElo "2310"]
[Annotator "NA"]
[PlyCount "142"]
[EventDate "2019.07.23"]
[EventType "swiss"]
[EventCountry "NED"]
[SourceTitle "playchess.com"]
[Source "ChessBase"]
[SourceQuality "1"]
[TimeControl "40/5400+30:1800+30"]

1. e4 c5 2. Nf3 e6 3. d4 cxd4 4. Nxd4 a6 5. Nc3 Qc7 6. Bd3 Nf6 7. O-O d6 8. f4 Nbd7 9. Kh1 $11 b5 10. a3 Bb7 11. Qe2 g6 12. f5 e5 13. Ne6 fxe6 14. fxe6 Bg7 15. exd7+ Qxd7 16. a4 b4 17. Na2 a5 18. Bc4 d5 19. Bb5 Bc6 20. exd5 Bxb5 21. Qxe5+ Qe7 22. Qxe7+ Kxe7 23. axb5 Nxd5 24. c4 bxc3 25. Nxc3 Nxc3 26. bxc3 Bxc3 27. Ba3+ Ke6 28. Rac1 Rhc8 29. Rf3 Bb4 30. Rd1 Rc5 31. b6 Rb8 32. Bb2 Rb7 33. g4 Rc8 34. Rf6+ Ke7 35. Rdf1 Ke8 36. g5 Rc2 37. Be5 Be7 38. Rf7 Rxb6 39. Rxh7 Bxg5 40. Bd4 Re6 41. Rb1 Rc1+ 42. Rxc1 Bxc1 43. Ra7 Bd2 44. Kg2 Kd8 45. Kf3 Kc8 46. Bc5 Kb8 47. Rd7 Bb4 48. Bd4 a4 49. Rd5 Kc7 50. Rb5 Be7 51. Ra5 a3 52. h4 Kb7 53. Ra7+ Kc6 54. Ra5 Bb4 55. Ra8 Kd5 56. Ba1 Kc4 57. Kf4 Re1 58. Bf6 Rf1+ 59. Kg5 Rg1+ 60. Kh6 Kb3 61. Ra7 a2 62. Bd4 Rg4 63. Bf6 Be1 64. Rb7+ Rb4 65. Ra7 Bxh4 66. Ba1 Bf2 67. Rd7 Rb6 68. Kg5 Be3+ 69. Kg4 Bc1 70. Rd3+ Kc2 71. Rh3 Rb4+ 0-1

[Event "Dutch Open-ch 2019"]
[Site "Dieren"]
[Date "2019.07.26"]
[Round "4.13"]
[White "Sharma, Dinesh K."]
[Black "Ypma, Jord"]
[Result "1-0"]
[ECO "D13"]
[WhiteElo "2299"]
[BlackElo "1968"]
[Annotator "NA"]
[PlyCount "73"]
[EventDate "2019.07.23"]
[EventType "swiss"]
[EventCountry "NED"]
[SourceTitle "playchess.com"]
[Source "ChessBase"]
[SourceQuality "1"]
[TimeControl "40/5400+30:1800+30"]

1. d4 d5 2. c4 c6 3. Nf3 Nf6 4. e3 Bf5 5. cxd5 $11 cxd5 6. Nc3 Nc6 7. Ne5 e6 8. g4 Be4 9. f3 Bg6 10. h4 h6 11. Nxg6 fxg6 12. Bd3 Bd6 13. Bxg6+ Ke7 14. Kf2 a6 15. Kg2 Qb6 16. Bd2 Raf8 17. Na4 Qc7 18. Rc1 Nd7 19. f4 Rf6 20. Bd3 Rff8 21. Bg6 Rf6 22. Qc2 Qd8 23. h5 Rhf8 24. Rcf1 Qb8 25. f5 e5 26. Nc3 exd4 27. Nxd5+ Kd8 28. exd4 Nxd4 29. Qe4 Be5 30. Bb4 Rd6 31. Rd1 Nc6 32. Bxd6 Bxd6 33. Rhe1 Nf6 34. Nxf6 Rxf6 35. Qe8+ Kc7 36. Qxb8+ Kxb8 37. Be8 1-0

[Event "Dutch Open-ch 2019"]
[Site "Dieren"]
[Date "2019.07.26"]
[Round "4.14"]
[White "Van Hoorn, Geert"]
[Black "Ashwath, R.."]
[Result "0-1"]
[ECO "B33"]
[WhiteElo "2010"]
[BlackElo "2365"]
[Annotator "NA"]
[PlyCount "58"]
[EventDate "2019.07.23"]
[EventType "swiss"]
[EventCountry "NED"]
[SourceTitle "playchess.com"]
[Source "ChessBase"]
[SourceQuality "1"]
[TimeControl "40/5400+30:1800+30"]

1. e4 c5 2. Ne2 Nc6 3. d4 cxd4 4. Nxd4 e5 5. Nb5 d6 6. N1c3 a6 $11 7. Na3 Be6 8. Nd5 Nf6 9. Bg5 Bxd5 10. Qxd5 Qb6 11. Bxf6 Qb4+ 12. Qd2 Qxb2 13. Rd1 Qxa3 14. Bg5 d5 15. Qd3 Qxa2 16. exd5 Nb4 17. Qc4 Nxc2+ 18. Kd2 Bb4+ 19. Kd3 Qxc4+ 20. Kxc4 Rc8+ 21. Kb3 Rc3+ 22. Kb2 Nd4 23. Be3 Rc2+ 24. Kb1 Bc3 25. Rd3 O-O 26. d6 Rd8 27. f4 Rxd6 28. Bxd4 Rb2+ 29. Kc1 exd4 0-1

[Event "Dutch Open-ch 2019"]
[Site "Dieren"]
[Date "2019.07.26"]
[Round "4.15"]
[White "De Boer, Bas"]
[Black "Neelotpal, Das"]
[Result "0-1"]
[ECO "D46"]
[WhiteElo "2117"]
[BlackElo "2406"]
[Annotator "NA"]
[PlyCount "110"]
[EventDate "2019.07.23"]
[EventType "swiss"]
[EventCountry "NED"]
[SourceTitle "playchess.com"]
[Source "ChessBase"]
[SourceQuality "1"]
[TimeControl "40/5400+30:1800+30"]

1. Nf3 d5 2. e3 Nf6 3. c4 e6 4. Nc3 c6 5. d4 Nbd7 6. Qc2 Bd6 7. Bd3 O-O 8. O-O dxc4 9. Bxc4 b5 10. Be2 Qe7 11. Rd1 b4 12. Ne4 Nxe4 13. Qxe4 Bb7 14. Bd2 Nf6 15. Qh4 $11 c5 16. Rac1 Rac8 17. dxc5 Bxc5 18. Rxc5 Qxc5 19. Bxb4 Qc2 20. Nd4 Qg6 21. Qh3 Rfd8 22. f4 Be4 23. Rf1 Nd5 24. Bd2 Ne7 25. g4 Nc6 26. Bc3 Nxd4 27. exd4 Bd5 28. Bd3 f5 29. g5 Bc4 30. Bxc4 Rxc4 31. Qf3 Rd5 32. Re1 h5 33. h4 Qf7 34. Qd3 Rc6 35. Kf2 g6 36. Re3 Qd7 37. Kg3 Kf7 38. a3 Qb7 39. Qe2 Qc7 40. Qf3 Qd7 41. Qe2 Rb6 42. Qc4 a5 43. Re5 a4 44. Kf2 Rbd6 45. Ke3 Rxe5+ 46. fxe5 Qc6 47. Qd3 Rd7 48. Qc2 Kg7 49. Qd3 f4+ 50. Kf2 Qh1 51. Qb5 Qxh4+ 52. Kf1 Qh3+ 53. Kf2 Qg3+ 54. Kf1 Rf7 55. d5 f3 0-1

[Event "Dutch Open-ch 2019"]
[Site "Dieren"]
[Date "2019.07.26"]
[Round "4.16"]
[White "Grutter, Tim"]
[Black "Kolbus, Dietmar"]
[Result "0-1"]
[ECO "B91"]
[WhiteElo "2091"]
[BlackElo "2281"]
[Annotator "NA"]
[PlyCount "92"]
[EventDate "2019.07.23"]
[EventType "swiss"]
[EventCountry "NED"]
[SourceTitle "playchess.com"]
[Source "ChessBase"]
[SourceQuality "1"]
[TimeControl "40/5400+30:1800+30"]

1. e4 c5 2. Nf3 a6 3. Nc3 d6 4. d4 cxd4 5. Nxd4 Nf6 $14 6. g3 e5 7. Nb3 Be7 8. Bg2 O-O 9. O-O Be6 10. a4 b6 11. Re1 Nbd7 12. Nd2 Qb8 13. Nf1 Rc8 14. Ne3 Rxc3 15. bxc3 Nc5 16. Nd5 Nxd5 17. exd5 Bd7 18. a5 b5 19. f4 Bf6 20. fxe5 Bxe5 21. Rxe5 dxe5 22. d6 Qe8 23. Qd5 Rc8 24. Ba3 Bc6 25. Qxc5 Bxg2 26. Qa7 Bh3 27. Qxa6 Rxc3 28. Qb7 h6 29. a6 Bc8 30. d7 Bxd7 31. a7 Rc8 32. Bc5 Bc6 33. a8=Q Rxa8 34. Rxa8 Qxa8 35. Qxa8+ Bxa8 36. Kf2 f6 37. Ke3 Kf7 38. Kd3 Bd5 39. c3 g5 40. Ke3 f5 41. Bd6 Kf6 42. Bc7 f4+ 43. Kd3 Kf5 44. Bd6 Bc4+ 45. Kd2 e4 46. Bf8 e3+ 0-1

[Event "Dutch Open-ch 2019"]
[Site "Dieren"]
[Date "2019.07.26"]
[Round "4.17"]
[White "Ojas Kulkarni"]
[Black "Reichardt, Robin"]
[Result "1-0"]
[ECO "A12"]
[WhiteElo "2251"]
[BlackElo "1811"]
[Annotator "NA"]
[PlyCount "95"]
[EventDate "2019.07.23"]
[EventType "swiss"]
[EventCountry "NED"]
[SourceTitle "playchess.com"]
[Source "ChessBase"]
[SourceQuality "1"]
[TimeControl "40/5400+30:1800+30"]

1. c4 c6 2. Nf3 d5 3. b3 Nf6 4. Bb2 Bf5 5. g3 e6 6. Bg2 h6 7. O-O Be7 8. d3 O-O 9. Nbd2 Nbd7 10. Qc2 Qc7 11. cxd5 exd5 12. Nd4 Bh7 13. Bh3 Rfe8 14. Rae1 a5 15. a3 Bd6 16. N2f3 Ne5 17. Nxe5 Bxe5 18. f4 Bd6 19. Nf5 Bxf5 20. Bxf5 Qe7 21. e4 Bxa3 22. Bxa3 Qxa3 23. e5 Nh7 24. Bxh7+ Kxh7 25. d4+ Kg8 26. f5 Qb4 27. Qf2 Qf8 28. f6 Re6 29. fxg7 Qxg7 30. Re3 b5 31. Rf3 Ra7 32. Qc2 a4 33. Qc5 Rae7 34. bxa4 bxa4 35. Qa5 Qg4 36. Rf4 Qe2 37. Qxa4 Qb5 38. Qd1 c5 39. Qg4+ Rg6 40. Qc8+ Kg7 41. Rf6 Qd3 42. Rxg6+ Qxg6 43. Qxc5 Rd7 44. Qc1 Qe4 45. Rf4 Qe2 46. Rh4 h5 47. Qg5+ Kf8 48. Rxh5 1-0

[Event "Dutch Open-ch 2019"]
[Site "Dieren"]
[Date "2019.07.26"]
[Round "4.18"]
[White "De Jonge, Boris"]
[Black "Elgersma, Onno"]
[Result "0-1"]
[ECO "B15"]
[WhiteElo "2059"]
[BlackElo "2232"]
[Annotator "NA"]
[PlyCount "80"]
[EventDate "2019.07.23"]
[EventType "swiss"]
[EventCountry "NED"]
[SourceTitle "playchess.com"]
[Source "ChessBase"]
[SourceQuality "1"]
[TimeControl "40/5400+30:1800+30"]

1. e4 c6 2. d4 d5 3. Nd2 dxe4 4. Nxe4 Nf6 5. Nxf6+ exf6 6. c3 Bd6 7. Bd3 O-O 8. Qc2 Re8+ 9. Ne2 h5 10. Be3 Nd7 11. O-O-O Nf8 12. Ng3 g6 13. Bh6 Be6 14. Kb1 b5 15. d5 Bxd5 16. Rhg1 Bxg3 17. hxg3 Qc8 18. Bxf8 Kxf8 19. f3 Kg7 20. Rh1 Qe6 21. b3 Rad8 22. Rh4 Qe3 23. g4 hxg4 24. Rxg4 Be6 25. Re4 Qg5 26. Rd4 Rxd4 27. cxd4 Bd5 28. Qd2 Qh4 29. Bc2 Qg3 30. Kb2 Rh8 31. Re1 Rh2 32. Re2 Qd6 33. a3 a5 34. Be4 Rh1 35. Bxd5 Qxd5 36. Qc3 a4 37. bxa4 bxa4 38. Qb4 c5 39. dxc5 Qd1 40. Qd2 Qb3# 0-1

[Event "Dutch Open-ch 2019"]
[Site "Dieren"]
[Date "2019.07.26"]
[Round "4.19"]
[White "Mota, Pankit"]
[Black "Mohite, Ranveer"]
[Result "0-1"]
[ECO "B22"]
[WhiteElo "2002"]
[BlackElo "2229"]
[Annotator "NA"]
[PlyCount "72"]
[EventDate "2019.07.23"]
[EventType "swiss"]
[EventCountry "NED"]
[SourceTitle "playchess.com"]
[Source "ChessBase"]
[SourceQuality "1"]
[TimeControl "40/5400+30:1800+30"]

1. e4 c5 2. c3 d5 3. exd5 Nf6 4. Nf3 Nxd5 5. d4 e6 6. Bc4 cxd4 7. Qxd4 Nc6 8. Qe4 Be7 9. O-O Nf6 10. Qe2 Qc7 11. Re1 a6 12. Nbd2 O-O 13. Nf1 Re8 14. Ng3 b5 15. Bd3 Bb7 16. Ng5 Bd6 17. Nh5 Bxh2+ 18. Kh1 Be5 19. Nxf6+ Bxf6 20. Nxh7 Ne5 21. Be4 Bxe4 22. Qxe4 Ng4 23. Qxg4 Kxh7 24. Re3 Rh8 25. Qe4+ Kg8+ 26. Rh3 Rxh3+ 27. gxh3 Rd8 28. Be3 Be5 29. Rg1 f5 30. Qf3 Qc4 31. Qb7 Qxa2 32. Bf4 Bf6 33. Qc7 Qd5+ 34. Kh2 Kh7 35. Re1 Qf3 36. Qb6 Qxf4+ 0-1

[Event "Dutch Open-ch 2019"]
[Site "Dieren"]
[Date "2019.07.26"]
[Round "4.20"]
[White "Vogel, Jaap"]
[Black "Goswami, Vedant"]
[Result "1-0"]
[ECO "A45"]
[WhiteElo "2126"]
[BlackElo "2046"]
[Annotator "NA"]
[PlyCount "113"]
[EventDate "2019.07.23"]
[EventType "swiss"]
[EventCountry "NED"]
[SourceTitle "playchess.com"]
[Source "ChessBase"]
[SourceQuality "1"]
[TimeControl "40/5400+30:1800+30"]

1. d4 Nf6 2. Bf4 Nh5 3. Be3 d5 4. Nf3 e6 5. c4 Be7 6. Nc3 c6 7. Qd3 b6 8. cxd5 exd5 9. g3 Ba6 10. Qd2 Nd7 11. Bh3 Bc8 12. Rc1 Ndf6 13. Bg2 Ng4 14. Ne5 Nxe3 15. Qxe3 Bb7 16. Bh3 Nf6 17. O-O O-O 18. Qd3 c5 19. Rfd1 Bd6 20. f4 a6 21. e3 c4 22. Qf1 b5 23. a3 Re8 24. g4 Nd7 25. Qf3 Nf6 26. g5 Ne4 27. Nxe4 dxe4 28. Qh5 Qe7 29. Kh1 Rad8 30. Rg1 Bxe5 31. fxe5 Bd5 32. Rg4 g6 33. Qh6 Qf8 34. Qxf8+ Kxf8 35. Bg2 a5 36. Bxe4 Be6 37. Rf4 b4 38. axb4 axb4 39. Kg1 Re7 40. Rf2 Ra7 41. Kf1 Ra2 42. Ke1 Rd7 43. Rd2 Ra5 44. Bf3 Rc7 45. d5 Bd7 46. e4 c3 47. bxc3 Ra3 48. Bd1 Raxc3 49. Rxc3 Rxc3 50. Rd4 Rc1 51. Kd2 Rb1 52. Bc2 Rh1 53. Rxb4 Rxh2+ 54. Kc3 Rg2 55. Rb8+ Ke7 56. Bb3 Bh3 57. d6+ 1-0

[Event "Dutch Open-ch 2019"]
[Site "Dieren"]
[Date "2019.07.27"]
[Round "5.1"]
[White "Beerdsen, Thomas"]
[Black "Van Foreest, Lucas"]
[Result "1/2-1/2"]
[ECO "C44"]
[WhiteElo "2497"]
[BlackElo "2521"]
[Annotator "ChessBase"]
[PlyCount "25"]
[EventDate "2019.07.23"]
[EventType "swiss"]
[EventCountry "NED"]
[SourceTitle "playchess.com"]
[Source "ChessBase"]
[SourceQuality "1"]
[TimeControl "40/5400+30:1800+30"]

1. e4 e5 2. Nf3 Nc6 3. d4 exd4 4. c3 dxc3 5. Nxc3 d6 6. Bc4 Nf6 7. Ng5 Ne5 8. Bb3 h6 9. f4 Bg4 10. Qd4 hxg5 11. fxe5 dxe5 12. Qxe5+ Qe7 13. Qb5+ 1/2-1/2

[Event "Dutch Open-ch 2019"]
[Site "Dieren"]
[Date "2019.07.27"]
[Round "5.2"]
[White "Schoppen, Casper"]
[Black "Reinderman, Dimitri"]
[Result "1/2-1/2"]
[ECO "E90"]
[WhiteElo "2493"]
[BlackElo "2583"]
[Annotator "ChessBase"]
[PlyCount "95"]
[EventDate "2019.07.23"]
[EventType "swiss"]
[EventCountry "NED"]
[SourceTitle "playchess.com"]
[Source "ChessBase"]
[SourceQuality "1"]
[TimeControl "40/5400+30:1800+30"]

1. d4 Nf6 2. c4 c5 3. d5 g6 4. Nc3 Bg7 5. e4 d6 6. Bd3 O-O 7. h3 e6 8. Nf3 Na6 9. O-O Nc7 10. dxe6 Nxe6 11. Be3 Nd7 12. Ne1 Nd4 13. Nc2 Re8 14. Rb1 b6 15. Re1 Bb7 16. Nd5 Rc8 17. b3 a6 18. a4 Nxc2 19. Qxc2 Ne5 20. Bf4 Rb8 21. Bf1 Bxd5 22. exd5 Qc7 23. Re3 Nd7 24. Rbe1 Rxe3 25. Bxe3 Re8 26. Bd2 Qd8 27. Rxe8+ Qxe8 28. Qd3 a5 29. g3 h5 30. Qf3 Qe7 31. Kg2 Qf6 32. Qxf6 Bxf6 33. f4 Bd4 34. g4 hxg4 35. hxg4 f6 36. Kf3 Kf7 37. Bh3 Nf8 38. Ke4 Bb2 39. Be1 Ke7 40. Bh4 Nh7 41. Bg3 Bc1 42. Bf1 Bb2 43. Bd3 Nf8 44. Kf3 Bc3 45. Be4 Bb2 46. Bd3 Bc3 47. Be4 Bb2 48. Bd3 1/2-1/2

[Event "Dutch Open-ch 2019"]
[Site "Dieren"]
[Date "2019.07.27"]
[Round "5.3"]
[White "David, Alberto"]
[Black "Lahaye, Rick"]
[Result "1-0"]
[ECO "B51"]
[WhiteElo "2553"]
[BlackElo "2421"]
[Annotator "ChessBase"]
[PlyCount "99"]
[EventDate "2019.07.23"]
[EventType "swiss"]
[EventCountry "NED"]
[SourceTitle "playchess.com"]
[Source "ChessBase"]
[SourceQuality "1"]
[TimeControl "40/5400+30:1800+30"]

1. e4 c5 2. Nf3 d6 3. Bb5+ Nd7 4. c3 Ngf6 5. Bd3 b6 6. O-O Bb7 7. Re1 Rc8 8. Bc2 Qc7 9. Na3 e6 10. Nb5 Qb8 11. d4 a6 12. Na3 h6 13. d5 e5 14. Nc4 g6 15. Nh4 Bg7 16. Qf3 Qc7 17. Qh3 b5 18. Ne3 c4 19. Bd2 Nc5 20. Qf3 a5 21. b3 Ba6 22. b4 Ncd7 23. a4 axb4 24. cxb4 c3 25. Bc1 Nb6 26. Bd3 Nxa4 27. Rxa4 bxa4 28. Bxa6 Rb8 29. Ba3 O-O 30. Rc1 Qa7 31. Bd3 Rfc8 32. Qe2 h5 33. Nc4 Bh6 34. Rc2 Ng4 35. h3 Rxc4 36. hxg4 Rcc8 37. gxh5 Bg5 38. Nf3 Bd8 39. Ba6 Rc7 40. hxg6 fxg6 41. b5 Rc5 42. Bxc5 Qxc5 43. Qe3 Qb4 44. Qxc3 Qxe4 45. Qc4 Qf5 46. Bc8 Qf6 47. Qxa4 Bb6 48. Qg4 Kg7 49. Qd7+ Kh6 50. Nh2 1-0

[Event "Dutch Open-ch 2019"]
[Site "Dieren"]
[Date "2019.07.27"]
[Round "5.5"]
[White "Maris, Ivo"]
[Black "Ikonnikov, Vyacheslav"]
[Result "1/2-1/2"]
[ECO "A07"]
[WhiteElo "2399"]
[BlackElo "2499"]
[Annotator "ChessBase"]
[PlyCount "62"]
[EventDate "2019.07.23"]
[EventType "swiss"]
[EventCountry "NED"]
[SourceTitle "playchess.com"]
[Source "ChessBase"]
[SourceQuality "1"]
[TimeControl "40/5400+30:1800+30"]

1. g3 d5 2. Bg2 c6 3. Nf3 Nf6 4. O-O g6 5. d3 Bg7 6. Nbd2 O-O 7. Re1 Nbd7 8. a4 Nc5 9. a5 Bg4 10. Ne5 Be6 11. a6 Nxa6 12. Nxc6 Qc7 13. Nd4 Bd7 14. c3 Nc5 15. b4 Ne6 16. Nxe6 Bxe6 17. Bb2 a6 18. e4 dxe4 19. Nxe4 Rad8 20. Qe2 Bd5 21. Nc5 Bxg2 22. Kxg2 Nd7 23. Qxe7 Qc6+ 24. Qe4 Nxc5 25. Qxc6 bxc6 26. bxc5 Rxd3 27. Rxa6 Rc8 28. Rea1 Bf8 29. Ra8 Rdd8 30. Rxc8 Rxc8 31. c4 Bxc5 1/2-1/2

[Event "Dutch Open-ch 2019"]
[Site "Dieren"]
[Date "2019.07.27"]
[Round "5.6"]
[White "Vrolijk, Liam"]
[Black "Odendahl, Reiner"]
[Result "0-1"]
[ECO "E90"]
[WhiteElo "2478"]
[BlackElo "2352"]
[Annotator "ChessBase"]
[PlyCount "68"]
[EventDate "2019.07.23"]
[EventType "swiss"]
[EventCountry "NED"]
[SourceTitle "playchess.com"]
[Source "ChessBase"]
[SourceQuality "1"]
[TimeControl "40/5400+30:1800+30"]

1. c4 g6 2. d4 Bg7 3. e4 d6 4. Nc3 Nf6 5. h3 O-O 6. Be3 c5 7. Nf3 cxd4 8. Nxd4 b6 9. g4 Bb7 10. f3 Nc6 11. Qd2 Rc8 12. O-O-O Ne5 13. b3 b5 14. Ncxb5 Nxf3 15. Nxf3 Nxe4 16. Qb4 Nc3 17. Nxc3 Bxf3 18. Rh2 a5 19. Qb6 Bxc3 20. Be2 Be4 21. Bd3 Bf3 22. Be2 Bc6 23. Kc2 Be5 24. Rf2 Qd7 25. Bf3 Bxf3 26. Rxf3 Rb8 27. Qxa5 Qc6 28. Qd5 Qa6 29. a4 Rxb3 30. Kxb3 Rb8+ 31. Kc2 e6 32. Qe4 Rb2+ 33. Kd3 Qxa4 34. Rd2 d5 0-1

[Event "Dutch Open-ch 2019"]
[Site "Dieren"]
[Date "2019.07.27"]
[Round "5.7"]
[White "Lai, Hing Ting"]
[Black "Sharma, Dinesh K."]
[Result "1/2-1/2"]
[ECO "A07"]
[WhiteElo "2460"]
[BlackElo "2299"]
[Annotator "ChessBase"]
[PlyCount "53"]
[EventDate "2019.07.23"]
[EventType "swiss"]
[EventCountry "NED"]
[SourceTitle "playchess.com"]
[Source "ChessBase"]
[SourceQuality "1"]
[TimeControl "40/5400+30:1800+30"]

1. Nf3 d5 2. g3 c6 3. Bg2 Bg4 4. O-O Nd7 5. d3 Ngf6 6. Nbd2 e5 7. e4 dxe4 8. dxe4 Bc5 9. h3 Bh5 10. a4 O-O 11. Qe1 Ne8 12. Nc4 f6 13. Nh4 Bf7 14. Ne3 a5 15. Qe2 Nd6 16. Nhf5 Nxf5 17. Nxf5 Nb6 18. h4 Be6 19. h5 Bxf5 20. exf5 h6 21. Bd2 Qe7 22. Rad1 Kh8 23. b3 Rfd8 24. Be4 Bb4 25. c3 Bc5 26. Bc1 Rxd1 27. Rxd1 1/2-1/2

[Event "Dutch Open-ch 2019"]
[Site "Dieren"]
[Date "2019.07.27"]
[Round "5.8"]
[White "Grooten, Herman"]
[Black "Buckels, Valentin"]
[Result "0-1"]
[ECO "E11"]
[WhiteElo "2310"]
[BlackElo "2451"]
[Annotator "ChessBase"]
[PlyCount "84"]
[EventDate "2019.07.23"]
[EventType "swiss"]
[EventCountry "NED"]
[SourceTitle "playchess.com"]
[Source "ChessBase"]
[SourceQuality "1"]
[TimeControl "40/5400+30:1800+30"]

1. d4 Nf6 2. c4 e6 3. Nf3 Bb4+ 4. Nbd2 a5 5. a3 Be7 6. e4 d5 7. e5 Nfd7 8. Bd3 c5 9. O-O Nc6 10. Re1 cxd4 11. Nb3 dxc4 12. Bxc4 Nb6 13. Bd3 Nd5 14. Qc2 Qb6 15. Re4 f5 16. exf6 Nxf6 17. Rh4 e5 18. Bg6+ Kd8 19. Ng5 Rf8 20. Bf7 h6 21. Ne6+ Bxe6 22. Bxe6 Kc7 23. Nd2 Nd7 24. Nc4 Qc5 25. Bxd7 Bxh4 26. Bxc6 bxc6 27. Bd2 Rxf2 28. Qa4 Qd5 29. Bxa5+ Rxa5 30. Qxa5+ Qxa5 31. Nxa5 Rc2 32. b3 e4 33. g3 Bf6 34. Nc4 d3 35. Rd1 Bd4+ 36. Kh1 Rxc4 37. bxc4 e3 38. Rxd3 e2 39. Rxd4 e1=Q+ 40. Kg2 Qe2+ 41. Kh3 Qf1+ 42. Kg4 h5+ 0-1

[Event "Dutch Open-ch 2019"]
[Site "Dieren"]
[Date "2019.07.27"]
[Round "5.10"]
[White "Das, Arghyadip"]
[Black "Ojas Kulkarni"]
[Result "1-0"]
[ECO "C49"]
[WhiteElo "2439"]
[BlackElo "2251"]
[Annotator "NA"]
[PlyCount "63"]
[EventDate "2019.07.23"]
[EventType "swiss"]
[EventCountry "NED"]
[SourceTitle "playchess.com"]
[Source "ChessBase"]
[SourceQuality "1"]
[TimeControl "40/5400+30:1800+30"]

1. e4 e5 2. Nf3 Nc6 3. Nc3 Nf6 4. Bb5 Bb4 5. O-O O-O 6. d3 Bxc3 7. bxc3 d6 8. Bg5 Qe7 9. Re1 Nd8 10. d4 Ne6 11. Bd2 c6 12. Bf1 Nc7 13. h3 h6 14. Bd3 Re8 15. a4 Nd7 16. Nh2 Ne6 17. Be3 Nf6 18. Nf1 c5 19. Ng3 cxd4 20. Nf5 Qc7 21. cxd4 Nxd4 22. Nxd4 exd4 23. Bxd4 Nd7 24. Re3 Ne5 25. Rg3 f6 26. f4 Nxd3 27. cxd3 Qf7 28. f5 d5 29. Rg6 Kf8 30. Qh5 Qe7 31. Bxf6 Qc5+ 32. d4 1-0

[Event "Dutch Open-ch 2019"]
[Site "Dieren"]
[Date "2019.07.27"]
[Round "5.11"]
[White "Elgersma, Onno"]
[Black "Bosboom, Manuel"]
[Result "0-1"]
[ECO "C41"]
[WhiteElo "2232"]
[BlackElo "2418"]
[Annotator "NA"]
[PlyCount "66"]
[EventDate "2019.07.23"]
[EventType "swiss"]
[EventCountry "NED"]
[SourceTitle "playchess.com"]
[Source "ChessBase"]
[SourceQuality "1"]
[TimeControl "40/5400+30:1800+30"]

1. e4 d6 2. d4 Nf6 3. Nc3 e5 4. Nf3 Nbd7 5. Bc4 Be7 6. O-O O-O 7. Re1 a6 8. a4 b6 9. h3 Bb7 10. Qd3 c6 11. Ba2 b5 12. b4 a5 13. axb5 axb4 14. bxc6 Bxc6 15. Qc4 Rc8 16. Qxb4 Nxe4 17. Nxe4 Bxe4 18. dxe5 Bxf3 19. gxf3 dxe5 20. Qe4 Nf6 21. Qf5 Bb4 22. Rf1 g6 23. Qg5 Rxc2 24. Be3 Bc5 25. Bxc5 Rxc5 26. Rfc1 Rxc1+ 27. Rxc1 Qd6 28. Re1 Re8 29. Bb3 Kg7 30. Rd1 Qb4 31. Qe3 Re7 32. Kg2 Nh5 33. Rd5 Nf4+ 0-1

[Event "Dutch Open-ch 2019"]
[Site "Dieren"]
[Date "2019.07.27"]
[Round "5.13"]
[White "Neelotpal, Das"]
[Black "Vogel, Jaap"]
[Result "1/2-1/2"]
[ECO "A10"]
[WhiteElo "2406"]
[BlackElo "2126"]
[Annotator "NA"]
[PlyCount "77"]
[EventDate "2019.07.23"]
[EventType "swiss"]
[EventCountry "NED"]
[SourceTitle "playchess.com"]
[Source "ChessBase"]
[SourceQuality "1"]
[TimeControl "40/5400+30:1800+30"]

1. Nf3 e6 2. c4 f5 3. g3 Nf6 4. Bg2 c6 5. O-O d5 6. b3 Bd6 7. Bb2 O-O 8. d3 Nbd7 9. Nc3 Ne5 10. e3 Nxf3+ 11. Bxf3 Bd7 12. Qe2 Qc7 13. Rac1 dxc4 14. dxc4 Be5 15. Bg2 Be8 16. Bf3 Bf7 17. b4 Rad8 18. Qc2 Rd7 19. Rfd1 Rfd8 20. c5 a6 21. a3 Bg6 22. Qb3 Bf7 23. Qc2 Bg6 24. Qe2 Bf7 25. Rxd7 Rxd7 26. Na4 Bxb2 27. Qxb2 e5 28. Nb6 Rd8 29. Nc4 Bxc4 30. Rxc4 Kf8 31. a4 Qe7 32. b5 axb5 33. axb5 e4 34. Be2 Nd7 35. Kg2 Nxc5 36. bxc6 bxc6 37. Qb4 Nd7 38. Qxe7+ Kxe7 39. Rxc6 1/2-1/2

[Event "Dutch Open-ch 2019"]
[Site "Dieren"]
[Date "2019.07.27"]
[Round "5.14"]
[White "Ashwath, R.."]
[Black "Baselmans, Sam"]
[Result "1/2-1/2"]
[ECO "E69"]
[WhiteElo "2365"]
[BlackElo "2064"]
[Annotator "NA RC"]
[PlyCount "41"]
[EventDate "2019.07.23"]
[EventType "swiss"]
[EventCountry "NED"]
[SourceTitle "playchess.com"]
[Source "ChessBase"]
[SourceQuality "1"]
[TimeControl "40/5400+30:1800+30"]

1. d4 Nf6 2. c4 g6 3. g3 Bg7 4. Bg2 d6 5. Nc3 O-O 6. Nf3 c6 7. O-O Qa5 8. e4 e5 9. h3 Nbd7 10. d5 cxd5 11. cxd5 b5 12. Nd2 Qb6 13. a3 a5 14. a4 Ba6 15. axb5 Bxb5 16. Nxb5 Qxb5 17. b3 Nc5 18. Ba3 Nfd7 19. Re1 f5 20. Bf1 Qb8 21. Qe2 1/2-1/2

[Event "Dutch Open-ch 2019"]
[Site "Dieren"]
[Date "2019.07.27"]
[Round "5.15"]
[White "Wedda, Dries"]
[Black "Nicolai, Amir"]
[Result "1-0"]
[ECO "E11"]
[WhiteElo "2234"]
[BlackElo "2101"]
[Annotator "NA"]
[PlyCount "107"]
[EventDate "2019.07.23"]
[EventType "swiss"]
[EventCountry "NED"]
[SourceTitle "playchess.com"]
[Source "ChessBase"]
[SourceQuality "1"]
[TimeControl "40/5400+30:1800+30"]

1. d4 Nf6 2. c4 e6 3. Nf3 d5 4. g3 Bb4+ 5. Bd2 Be7 6. Bg2 O-O 7. O-O Nbd7 8. Qc2 Ne4 9. Nc3 Nxd2 10. Nxd2 c6 11. e4 dxe4 12. Ncxe4 b6 13. Rfd1 Qc7 14. Rab1 Bb7 15. b4 e5 16. Nf3 Rad8 17. c5 h6 18. cxb6 axb6 19. d5 c5 20. d6 Bxe4 21. dxc7 Bxc2 22. cxd8=Q Rxd8 23. bxc5 bxc5 24. Nxe5 Bxb1 25. Nc6 Bc2 26. Rd2 Re8 27. Nxe7+ Rxe7 28. Rxc2 Re1+ 29. Bf1 f6 30. Kg2 Kf7 31. Bb5 Ke6 32. a4 Rd1 33. Bxd7+ Rxd7 34. Rxc5 Rd4 35. Ra5 f5 36. Kf3 Rd3+ 37. Kg2 Ra3 38. Ra7 Kf6 39. a5 g5 40. Ra6+ Kg7 41. Ra8 Ra1 42. a6 g4 43. h3 h5 44. hxg4 hxg4 45. f4 gxf3+ 46. Kxf3 Ra4 47. Ke3 Kh7 48. Kd3 Ra3+ 49. Kd4 Rxg3 50. Ke5 Rf3 51. Kf6 Rf1 52. Kg5 f4 53. Ra7+ Kg8 54. Rb7 1-0

[Event "Dutch Open-ch 2019"]
[Site "Dieren"]
[Date "2019.07.27"]
[Round "5.16"]
[White "Konings, Frans"]
[Black "Van Roon, Sjoerd"]
[Result "1-0"]
[ECO "E99"]
[WhiteElo "2208"]
[BlackElo "2072"]
[Annotator "NA"]
[PlyCount "109"]
[EventDate "2019.07.23"]
[EventType "swiss"]
[EventCountry "NED"]
[SourceTitle "playchess.com"]
[Source "ChessBase"]
[SourceQuality "1"]
[TimeControl "40/5400+30:1800+30"]

1. d4 Nf6 2. c4 g6 3. Nc3 Bg7 4. e4 d6 5. Nf3 O-O 6. Be2 e5 7. O-O Nc6 8. d5 Ne7 9. Ne1 Nd7 10. f3 f5 11. g4 Nf6 12. Be3 a5 13. Nd3 b6 14. h3 Bd7 15. Kg2 Qc8 16. Nf2 h6 17. Qc1 Kh7 18. b3 Nfg8 19. a3 Bf6 20. b4 f4 21. Bd2 Bh4 22. Nd3 h5 23. c5 Nf6 24. c6 Be8 25. Be1 Bxe1 26. Qxe1 g5 27. Nb2 Ng6 28. Nc4 Nh4+ 29. Kg1 hxg4 30. hxg4 axb4 31. axb4 Rxa1 32. Qxa1 Nxg4 33. fxg4 f3 34. Ne3 Rf4 35. Ba6 Rxg4+ 36. Kf2 Rg2+ 37. Nxg2 Qh3 38. Nxh4 gxh4 39. Ke3 Bh5 40. Rf2 Qg3 41. Qf1 h3 42. Bc8 h2 43. Qh1 Qg1 44. Qxh2 Qg5+ 45. Kd3 Kg7 46. Bf5 b5 47. Nxb5 Qc1 48. Nc3 Qg5 49. b5 Kh6 50. b6 Qd8 51. b7 Qb8 52. Qh4 Qf8 53. b8=Q Qg8 54. Qf6+ Bg6 55. Rh2# 1-0